 Dungeon Crawl Stone Soup version 0.20-a0-700-gbd4582c (webtiles) character file.

8591 Dharzhak the Cleaver (level 11, -1/97 HPs)
             Began as a Hill Orc Fighter on Feb 20, 2017.
             Was an Initiate of Gozag.
             Killed from afar by an electric eel (13 damage)
             ... with a bolt of electricity
             ... on level 10 of the Dungeon on Feb 21, 2017.
             The game lasted 00:42:03 (12265 turns).

Dharzhak the Cleaver (Hill Orc Fighter)            Turns: 12265, Time: 00:42:03

Health: -1/97      AC: 16    Str: 20    XL:     11   Next: 33%
Magic:  11/11      EV:  4    Int:  8    God:    Gozag
Gold:   135        SH: 18    Dex: 17    Spells: 1/10 levels left

rFire    . . .     SeeInvis .   o - +5 morningstar "Haemaxan" {crush, +Inv rC+ Dex+4}
rCold    + . .     Gourm    .   v - +0 plate armour
rNeg     . . .     Faith    .   K - +1 large shield
rPois    +         Spirit   .   j - +0 helmet
rElec    .         Reflect  .   (no cloak)
rCorr    .         Harm     .   (no gloves)
MR       +....                  C - +0 pair of boots
Stlth    ..........             e - amulet of regeneration
Regen    0.7/turn               F - ring of protection from magic
MPRegen  0.2/turn               q - ring of poison resistance

@: no status effects
A: no striking features
a: Potion Petition, Call Merchant, Bribe Branch, Renounce Religion, Evoke
Invisibility


You were on level 10 of the Dungeon.
You worshipped Gozag.
Gozag was aware of your devotion.
You were not hungry.

You visited 2 branches of the dungeon, and saw 11 of its levels.
You also visited: Sewer.

You collected 1482 gold pieces.
You spent 1286 gold pieces at shops.
You paid 61 gold pieces to Gozag.

Inventory:

Hand Weapons
 o - the +5 morningstar "Haemaxan" (weapon) {crush, +Inv rC+ Dex+4}
   (You bought it in a shop on level 6 of the Dungeon)

   It inflicts extra damage upon your enemies.
   It affects your dexterity (+4).
   It protects you from cold.
   It lets you turn invisible.
 Y - a +2 antimagic war axe
Missiles
 b - 10 tomahawks (quivered)
 w - 5 javelins
 X - 5 poisoned tomahawks
Armour
 j - a +0 helmet (worn)
 v - a +0 plate armour (worn)
 C - a +0 pair of boots (worn)
 K - a +1 large shield (worn)
Jewellery
 e - an amulet of regeneration (around neck)
 i - a +4 ring of intelligence
 q - a ring of poison resistance (left hand)
 F - a ring of protection from magic (right hand)
 I - an uncursed ring of ice
 T - an uncursed ring of see invisible
Wands
 h - a wand of paralysis (24/24)
 p - a wand of lightning (11/15)
 y - a wand of paralysis (16/24)
 H - a wand of confusion (24/48)
 J - a wand of acid (11/15)
Scrolls
 a - 4 scrolls of identify
 g - a scroll of remove curse
 l - 6 scrolls of teleportation
 m - a scroll of enchant armour
 n - 2 scrolls of immolation
 t - 2 scrolls of blinking
 u - a scroll of recharging
 x - a scroll of amnesia
 D - 3 scrolls of magic mapping
 E - a scroll of fog
 O - 2 scrolls of fear
Potions
 c - a potion of cancellation
 d - 2 potions of might
 r - 2 potions of agility
 s - 2 potions of mutation
 z - 2 potions of flight
 A - 4 potions of brilliance
 B - 4 potions of curing
 G - 3 potions of lignification
 M - 2 potions of haste
 U - 3 potions of heal wounds
 W - a potion of resistance
Books
 N - a book of Flames

   Spells                             Type                      Level
   a - Flame Tongue                   Conjuration/Fire             1
   b - Throw Flame                    Conjuration/Fire             2
   c - Conjure Flame                  Conjuration/Fire             3
   d - Inner Flame                    Hexes/Fire                   3
   e - Sticky Flame                   Conjuration/Fire             4
   f - Fireball                       Conjuration/Fire             5
 V - a book of Necromancy

   Spells                             Type                      Level
   a - Pain                           Necromancy                   1
   b - Animate Skeleton               Necromancy                   1
   c - Vampiric Draining              Necromancy                   3
   d - Regeneration                   Charms/Necromancy            3
   e - Animate Dead                   Necromancy                   4
   f - Control Undead                 Necromancy                   4
Comestibles
 f - 9 bread rations
 k - 7 meat rations
 L - 3 fruits


   Skills:
 + Level 9.0 Fighting
 + Level 11.8(13.0) Axes
 + Level 7.8(10.1) Maces & Flails
 + Level 0.8 Throwing
 + Level 8.1 Armour
 + Level 1.1 Dodging
 + Level 1.9 Stealth
 + Level 9.4 Shields


You had one spell level left.
You knew the following spells:

 Your Spells              Type           Power        Failure   Level  Hunger
a - Flame Tongue          Conj/Fire      #....        100%        1    ##.....
b - Throw Flame           Conj/Fire      #.....       100%        2    ###....
c - Conjure Flame         Conj/Fire      #.......     100%        3    ####...
d - Inner Flame           Hex/Fire       #.......     100%        3    ####...


Dungeon Overview and Level Annotations

Branches:
Dungeon (10/15)            Temple (1/1) D:4
   Lair: D:8-11         Orc: D:9-12

Altars:
Ashenzari
Cheibriados
Dithmenos
Elyvilon
Fedhas
Gozag
Hepliaklqana Ieoh Jian
Kikubaaqudgha
Makhleb
Nemelex Xobeh
Okawaru
Qazlal
Ru
Sif Muna
Trog
Uskayaw
Vehumet
Xom
Yredelemnul
Zin
The Shining One

Shops:
D:5 !   D:6 (   D:10 ?


Message History

The bolt of electricity hits you!
You closely miss the electric eel.
The electric eel shoots out a bolt of lightning at you!
The bolt of electricity hits you!
You barely miss the electric eel.
The electric eel shoots out a bolt of lightning at you!
The bolt of electricity hits you!
You closely miss the electric eel.
The electric eel shoots out a bolt of lightning at you!
The bolt of electricity hits you!
* * * LOW HITPOINT WARNING * * *
The electric eel shoots out a bolt of lightning at you!
The bolt of electricity hits you!
* * * LOW HITPOINT WARNING * * *
The electric eel shoots out a bolt of lightning at you!
The bolt of electricity hits you!
* * * LOW HITPOINT WARNING * * *
The bolt of electricity hits you!
You die...
Your body crumbles into a pile of gold.

≈≈≈≈≈≈≈≈≈≈≈≈≈≈≈≈≈≈≈≈...'.
≈≈≈≈≈≈≈≈≈≈≈≈≈≈≈≈≈≈≈≈...##
≈≈≈≈≈≈≈≈≈≈≈≈≈≈≈≈≈≈≈≈....#
.≈≈≈≈≈≈≈≈≈≈≈≈≈≈≈≈≈..[...#
≈≈≈≈≈≈$;$≈≈≈≈≈≈≈≈≈###+#.#
........................#
......#.#.......#####.#..
..###.#.#.#####.#####.#..
........@................
......#.#.#####.#####.#.#
...##...#.# #.#####.#.#
.. #....#.# #.......#.#
#..#.#.#############.#
#..#..<..............#
#..################### #.
#+


You could see an electric eel.

Vanquished Creatures
  Erolcha (D:9)
  A two-headed ogre (D:10)
  Pikel (D:5)
  Joseph (D:8)
  A centaur zombie (D:10)
  A troll (D:9)
  A hornet (D:10)
  3 hippogriffs
  A spriggan (D:7)
  Sigmund (D:5)
  A vampire (D:9)
  Menkaure (D:7)
  2 ice beasts
  3 orc warriors
  4 sky beasts (D:9)
  2 black bears
  A necrophage (D:8)
  A phantom (D:7)
  4 ogres
  2 centaurs
  5 big kobolds
  Blork the orc (D:4)
  3 bullfrogs
  2 water moccasin skeletons
  A wyvern skeleton (D:6)
  15 killer bees
  An electric eel (D:10)
  2 bullfrog zombies (D:8)
  2 crimson imps
  4 hounds
  6 jellies
  2 quasits
  A bullfrog skeleton (D:5)
  A centaur skeleton (D:5)
  5 orc priests
  3 iguanas
  7 orc wizards
  4 worker ants
  A worker ant zombie (D:9)
  10 gnolls
  A howler monkey skeleton (D:4)
  8 adders
  5 river rats (Sewer)
  3 shadow imps
  3 oozes
  5 worms
  3 dart slugs
  14 leopard geckos
  31 orcs
  10 bats
  9 giant cockroaches
  11 goblins
  9 hobgoblins
  8 jackals
  30 kobolds
  2 quokkas
  7 ball pythons
  A ball python skeleton (D:4)
  9 frilled lizards
  A jackal skeleton (D:5)
  A leopard gecko skeleton (D:4)
  A quokka zombie (D:5)
  26 rats
307 creatures vanquished.

Vanquished Creatures (others)
  A slave (D:5)
  A crimson imp (D:5)
  2 jackals (D:5)
4 creatures vanquished.

Grand Total: 311 creatures vanquished

Notes
Turn   | Place    | Note
-------+----------+-------------------------------------------
     0 | D:1      | Dharzhak the Hill Orc Fighter began the quest for the Orb.
     0 | D:1      | Reached XP level 1. HP: 19/19 MP: 1/1
   121 | D:1      | Reached XP level 2. HP: 24/27 MP: 2/2
   176 | D:1      | Reached skill level 3 in Axes
   550 | D:1      | Reached XP level 3. HP: 33/33 MP: 3/3
   877 | D:2      | Reached XP level 4. HP: 25/41 MP: 4/4
   927 | D:2      | Found a shadowy altar of Dithmenos.
  1113 | D:2      | Reached skill level 4 in Axes
  1799 | D:3      | Reached XP level 5. HP: 47/47 MP: 5/5
  1834 | D:3      | Found a bloodstained altar of Trog.
  1834 | D:3      | Found a glowing silver altar of Zin.
  1835 | D:3      | Noticed a centaur
  1857 | D:3      | Killed a centaur
  1857 | D:3      | Reached skill level 5 in Axes
  2400 | D:3      | Reached XP level 6. HP: 55/55 MP: 6/6
  2683 | D:3      | Reached skill level 5 in Fighting
  3105 | D:4      | Found a glowing drain.
  3109 | Sewer    | Entered a sewer
  3158 | Sewer    | Reached skill level 5 in Shields
  3208 | Sewer    | Reached skill level 6 in Axes
  3240 | Sewer    | Reached XP level 7. HP: 61/61 MP: 7/7
  3534 | Sewer    | Reached skill level 7 in Axes
  4322 | D:4      | Found a staircase to the Ecumenical Temple.
  4730 | D:4      | Noticed Blork the orc
  4750 | D:4      | Killed Blork the orc
  5105 | D:5      | Entered Level 5 of the Dungeon
  5105 | D:5      | Found an ancient bone altar of Kikubaaqudgha.
  5208 | D:5      | Found a sacrificial altar of Ru.
  5332 | D:5      | Found a burning altar of Makhleb.
  5337 | D:5      | Reached XP level 8. HP: 69/69 MP: 8/8
  5364 | D:5      | Reached skill level 5 in Armour
  5400 | D:5      | Noticed Sigmund
  5408 | D:5      | Killed Sigmund
  5408 | D:5      | Reached skill level 8 in Axes
  5451 | D:5      | Found an iron altar of Okawaru.
  5473 | D:5      | Found a glowing golden altar of the Shining One.
  5643 | D:5      | Reached skill level 9 in Axes
  5832 | D:5      | Noticed Pikel
  5842 | D:5      | Killed Pikel
  5842 | D:5      | Reached skill level 10 in Axes
  5842 | D:5      | Reached XP level 9. HP: 64/78 MP: 9/9
  5931 | D:5      | Found a radiant altar of Vehumet.
  6233 | D:5      | Found Meushroh's Distillery.
  6281 | Temple   | Entered the Ecumenical Temple
  6607 | Temple   | Became a worshipper of Gozag Ym Sagoz the Greedy
  6646 | D:5      | Bought a potion of cancellation for 104 gold pieces
  6646 | D:5      | Bought a potion of curing for 39 gold pieces
  6962 | D:6      | Reached skill level 11 in Axes
  7150 | D:6      | Found Onwuurcho's Antique Weapon Shoppe.
  7525 | D:6      | Found a shimmering altar of Xom.
  7749 | D:6      | Bought a shimmering morningstar for 180 gold pieces
  7749 | D:6      | Identified the +5 morningstar "Haemaxan" {crush, +Inv rC+ Dex+4} (You bought it in a shop on level 6 of the Dungeon)
  7995 | D:7      | Found a sacrificial altar of Ru.
  8042 | D:7      | Reached skill level 1 in Maces & Flails
  8042 | D:7      | Reached skill level 1 in Stealth
  8054 | D:7      | Found a basalt altar of Yredelemnul.
  8153 | D:7      | Found a deep blue altar of Sif Muna.
  8165 | D:7      | Noticed Menkaure
  8183 | D:7      | Killed Menkaure
  8438 | D:7      | Reached XP level 10. HP: 82/86 MP: 10/10
  8574 | D:5      | Bought a potion of haste for 130 gold pieces
  8574 | D:5      | Bought a potion of brilliance for 52 gold pieces
  9050 | D:8      | Noticed Joseph
  9078 | D:8      | Killed Joseph
  9145 | D:8      | Reached skill level 1 in Dodging
  9610 | D:8      | Found a shattered altar of Ashenzari.
  9839 | D:5      | Bought a potion of heal wounds for 65 gold pieces
  9839 | D:5      | Bought a potion of mutation for 104 gold pieces
 10350 | D:9      | Reached skill level 5 in Maces & Flails
 10579 | D:9      | Learned a level 1 spell: Flame Tongue
 10582 | D:9      | Learned a level 2 spell: Throw Flame
 10586 | D:9      | Learned a level 3 spell: Conjure Flame
 10590 | D:9      | Learned a level 3 spell: Inner Flame
 10666 | D:9      | Found a burning altar of Makhleb.
 11131 | D:9      | Noticed Erolcha
 11136 | D:9      | Killed Erolcha
 11136 | D:9      | Reached XP level 11. HP: 95/95 MP: 11/11
 11339 | D:5      | Bought a potion of haste for 130 gold pieces
 11339 | D:5      | Bought a potion of might for 52 gold pieces
 11339 | D:5      | Bought a potion of agility for 52 gold pieces
 11339 | D:5      | Bought 2 potions of heal wounds for 130 gold pieces
 11462 | D:10     | Entered Level 10 of the Dungeon
 11612 | D:10     | Noticed a two-headed ogre
 11630 | D:10     | Killed a two-headed ogre
 11720 | D:10     | Found Oddel's Magic Scroll Shoppe.
 11756 | D:10     | Bought a scroll of identify for 32 gold pieces
 11756 | D:10     | Bought a scroll of identify for 32 gold pieces
 11756 | D:10     | Bought a scroll of enchant armour for 120 gold pieces
 11756 | D:10     | Bought a scroll of identify for 32 gold pieces
 11756 | D:10     | Bought a scroll of identify for 32 gold pieces
 12265 | D:10     | Killed from afar by an electric eel

Vault maps used:
D:1:      noname_arrival_rooms_in_the_neighbourhood
D:2:      nicolae_overflow_hidden_temple, first_bread, patterned_corridor
D:3:      grunt_temple_overflow_open
D:4:      minmay_temple_entry_from_below_a, gup_sewer_entry_spiral,
          uniq_blork_the_orc
D:5:      marbit_many_paths, kennysheep_mini, nicolae_overflow_quartered_altars,
          serial_shops, shop, uniq_pikel, uniq_sigmund
D:6:      serial_shops, nicolae_shop_trees, minivault_11, xom_teletrap_fun
D:7:      kennysheep_mini_moat, lemuel_crystal_altar, the_bakery,
          nicolae_ru_great_annihilating_truth, uniq_menkaure
D:8:      lemuel_crystal_altar, uniq_joseph
D:9:      basic_altar, uniq_erolcha
D:10:     serial_shops, shop_coins
Temple:   dpeg_chambers_temple
Sewer:    sewer_minmay_treatment

Skill      XL: |  1  2  3  4  5  6  7  8  9 10 11 |
---------------+----------------------------------+-----
Fighting       | 4 5 6 7 8 9 |  9.0
Axes           | 3 4 5 6 7 10 11 | 11.8
Shields        | 4 5 6 7 9 |  9.4
Armour         | 4 5 6 7 8 |  8.1
Maces & Flails | 3 6 7 |  7.8
Stealth        | 1 |  1.9
Dodging        | 1 |  1.1
Throwing       | |  0.8

Action                   |  1- 3 |  4- 6 |  7- 9 | 10-12 || total
-------------------------+-------+-------+-------+-------++-------
Melee: War axe           |    67 |   291 |   407 |    32 ||   797
       Morningstar       |       |       |    57 |   256 ||   313
Throw: Tomahawk          |       |       |       |     7 ||     7
  Use: Scroll            |       |     8 |     3 |     8 ||    19
       Potion            |       |       |     8 |     3 ||    11
 Stab: Distracted        |       |       |     1 |     4 ||     5
       Paralysed         |       |       |     1 |       ||     1
  Eat: Chunk             |       |     8 |    11 |       ||    19
       Fruit             |       |       |     4 |     4 ||     8
       Royal jelly       |       |       |     2 |       ||     2
       Bread ration      |       |       |       |     2 ||     2
Armor: Scale mail        |    30 |    21 |       |       ||    51
       Chain mail        |       |    53 |       |       ||    53
       Plate armour      |       |   125 |   227 |   144 ||   496
Dodge: Dodged            |    19 |    65 |    59 |    43 ||   186
Block: Shield            |    39 |   197 |   136 |       ||   372
       Large shield      |       |       |   167 |   307 ||   474
